 Dungeon Sprint DCSS version 0.31-a0-981-geadf994542 (webtiles) character file.

Game seed: 12866944499340663330

14262 fozzywoppz the Severer (level 12, -2/111 HPs)
             Began as a Formicid Fighter on Oct 30, 2023.
             Was the Champion of Qazlal.
             Slain by a death scarab (10 damage)
             ... summoned by a royal mummy
             ... in the Dungeon (Sprint V: "Ziggurat Sprint") on Oct 31, 2023.
             The game lasted 00:08:42 (800 turns).

fozzywoppz the Severer (Formicid Fighter)            Turns: 800, Time: 00:08:43

Health: -2/111     AC: 27    Str: 25    XL:     12   Next: 43%
Magic:  7/7        EV: 11    Int:  9    God:    Qazlal [******]
Gold:   0          SH: 30    Dex: 18    Spells: 19/19 levels left

rFire   + . .        F - +12 battleaxe "Tormentor" {antimagic, rCorr}
rCold   + . .        y - +3 kite shield
rNeg    . . .        b - +5 gold dragon scales
rPois   +            (helmet unavailable)
rElec   .            (no cloak)
rCorr   +            (no gloves)
SInv    +            (no boots)
Will    +....        e - amulet of reflection Stlth
                     J - ring of the Octopus King {Fly HP+2 AC+2 EV+2 SH+2}
HPRegen 0.38/turn    I - ring of Loawnuugg {Drain rCorr Dex+5}
MPRegen 0.10/turn

%: repel missiles, reflection
@: mighty, flying, studying Ranged Weapons
A: permanent stasis, dig shafts and tunnels, antennae 3, four strong arms
a: Dig, Renounce Religion, Upheaval, Elemental Force, Disaster Area


You were in the Dungeon.
You worshipped Qazlal.
Qazlal was exalted by your worship.
You visited 1 branch

Inventory:

Hand Weapons
 A - a +5 broad axe of freezing
 B - a +5 executioner's axe
 F - the +12 battleaxe "Tormentor" (weapon) {antimagic, rCorr}
   (You found it in the Dungeon)

   rCorr:     It protects you from acid and corrosion.
Armour
 a - a +5 crystal plate armour
 b - +5 gold dragon scales (worn)
 c - a +3 buckler
 y - a +3 kite shield (worn)
 z - a +3 tower shield
Jewellery
 e - an amulet of reflection (around neck)
 i - a ring of poison resistance
 s - a +6 ring of dexterity
 v - the ring of Vahinya {rN+ Int+6 Dex+3}
   (You found it in the Dungeon)

   [ring of intelligence]

   Int+6:     It affects your intelligence (+6).
   Dex+3:     It affects your dexterity (+3).
   rN+:       It protects you from negative energy.
 x - a +6 ring of strength
 I - the ring of Loawnuugg (right hand) {Drain rCorr Dex+5}
   (You found it in the Dungeon)

   [ring of resist corrosion]

   Dex+5:     It affects your dexterity (+5).
   rCorr:     It protects you from acid and corrosion.
   Drain:     It drains your maximum health when unequipped.
 J - a ring of the Octopus King (left hand) {Fly HP+2 AC+2 EV+2 SH+2}
   (You found it in the Dungeon)

   [ring of flight]

   AC+2:      It affects your AC (+2).
   EV+2:      It affects your evasion (+2).
   HP+2:      It affects your health (+2).
   Fly:       It grants you flight.
   SH+2:      It affects your SH (+2).
Wands
 k - a wand of polymorph (3)
 p - a wand of mindburst (10)
 q - a wand of quicksilver (11)
 u - a wand of flame (11)
 C - a wand of charming (14)
 H - a wand of roots (27)
Scrolls
 l - 4 scrolls of amnesia
 m - 8 scrolls of fog
 n - 5 scrolls of identify
 o - a scroll of fear
Potions
 d - 5 potions of might
 f - 4 potions of heal wounds
 g - 7 potions of magic
 h - 2 potions of brilliance
 j - 3 potions of resistance
Miscellaneous
 D - a sack of spiders
 E - a lightning rod (4/4)


   Skills:
 - Level 15.0 Fighting
 + Level 15.4 Axes
 - Level 15.0 Armour
 - Level 10.0 Dodging
 - Level 6.7 Stealth
 - Level 10.0 Shields
 - Level 4.0 Spellcasting
 + Level 14.3 Invocations


You had 19 spell levels left.
You didn't know any spells.
Your spell library contained the following spells:

 Spells                   Type           Power      Damage    Failure   Level
 Slow                     Hex            4%         N/A       100%        1
 Sting                    Tmut/Pois      4%         1d3       100%        1
 Lesser Beckoning         Tloc           2%         N/A       100%        2
 Confusing Touch          Hex            1%         N/A       100%        3
 Gell's Gravitas          Tloc           1%         N/A       100%        3
 Hailstorm                Conj/Ice       1%         3d3       100%        3
 Ozocubu's Armour         Ice            1%         N/A       100%        3
 Sigil of Binding         Hex            1%         N/A       100%        3
 Teleport Other           Tloc           1%         N/A       100%        3
 Vampiric Draining        Necr           1%         2d6       100%        3
 Animate Armour           Summ/Erth      2%         N/A       100%        4
 Summon Ice Beast         Ice/Summ       1%         N/A       100%        4
 Irradiate                Conj/Tmut      0%         3d11      100%        5
 Iskenderun's Battlesphe  Conj           1%         2d6       100%        5
 Metabolic Englaciation   Hex/Ice        0%         N/A       100%        5
 Summon Mana Viper        Hex/Summ       1%         N/A       100%        5
 Yara's Violent Unravell  Hex/Tmut       0%         3d3       100%        5
 Bombard                  Conj/Erth      0%         9d1       100%        6
 Simulacrum               Ice/Necr       0%         N/A       100%        6
 Haunt                    Necr/Summ      0%         N/A       100%        7
 Monstrous Menagerie      Summ           0%         N/A       100%        7
 Spellforged Servitor     Conj/Summ      0%         N/A       100%        7


Dungeon Overview and Level Annotations

Branches:
Dungeon (1/1)

Altars:
Ashenzari
Cheibriados
Dithmenos
Elyvilon
Fedhas
Gozag
Hepliaklqana
Kikubaaqudgha
Makhleb
Nemelex Xobeh
Okawaru
Qazlal
Ru
Sif Muna
Trog
Uskayaw
Vehumet
Wu Jian
Xom
Yredelemnul
Zin
The Shining One
Jiyva
Lugonu

Annotations:
D 1 transporter


Innate Abilities, Weirdness & Mutations

You cannot be hasted, slowed, berserked, paralysed or teleported.
You can dig through walls and to a lower floor.
You have a pair of large antennae on your head. (SInv)
Your four strong arms can wield two-handed weapons with a shield.


Message History

You block the death scarab's attack. The death scarab barely misses you.
The death scarab bites you.
The death scarab draws strength from your injuries!
The royal mummy calls on the powers of darkness!
The emperor scorpion convulses! x2; Your body is wracked with pain!
* * * LOW HITPOINT WARNING * * *
The emperor scorpion convulses!
The death scarab is engulfed in freezing vapours.
You destroy the death scarab!
The death scarab's corpse disappears in a puff of smoke!
The mummy priest is engulfed in a thunderstorm.
The mummy priest mumbles some strange prayers to its god against you.
Something smites you!
* * * LOW HITPOINT WARNING * * *
The phantasmal warrior gestures at you.
The phantasmal warrior blinks!
As you read the scroll of fear, it crumbles to dust.
You assume a fearsome visage.
The death scarab is unaffected. x2
The phantasmal warrior is unaffected.
The emperor scorpion looks frightened! x3
The death scarab is unaffected. x2; The phantasmal warrior is unaffected.
The guardian mummy is unaffected.
The royal mummy is unaffected.
The mummy is unaffected.
The ushabti is unaffected.
The mummy priest is unaffected.
The guardian mummy is unaffected.
You block the death scarab's attack. x2
The death scarab waves its antennae.
You block the death scarab's attack. x2
The death scarab is engulfed in freezing vapours.
The mummy priest calls on the powers of darkness!
The emperor scorpion convulses!
Your body is wracked with pain!
* * * LOW HITPOINT WARNING * * *
The emperor scorpion convulses! x2
The phantasmal warrior gestures at you.
The phantasmal warrior blinks!
You feel much better. The death scarab bites you!
* * * LOW HITPOINT WARNING * * *
The death scarab drains your vigour!
Your stasis prevents you from being slowed.
The death scarab draws strength from your injuries!
You block the death scarab's attack. The death scarab bites you!
You die...

▓...8©8...▓...8©8...▓...8
▓..:.|:./.▓...)=....▓....
▓../://)..▓.....)%..▓...)
▓.........▓.........▓....
▓.......§.▓.........▓...)
▓....{9.M.▓.........▓..))
▓...sM{MBW▓....††...▓..).
▓..▓..W▓MB▓...†.....▓.▓..
▓....sMB@.▓.▓.....▓.▓....
▓....s.B§.▓....©....▓▓▓▓▓
▓▓▓▓▓▓▓▓▓▓▓▓▓▓▓▓▓▓▓▓▓


{{{{{{{{ {{{{ {{{{{{{{{{{ {{{{{{{{{{{{{ {{{{{{{{{{{ {{{{{{{{{{{{{ {{{{{{{{{{
{{{{{ You could see a royal mummy, 3 emperor scorpions, a mummy priest, 2
phantasmal warriors, 2 guardian mummies, an ushabti (catching breath), 4 death
scarabs and a mummy.

Vanquished Creatures
  Gastronok (D)
  A red draconian (D)
  A black draconian (D)
  Erolcha (D)
  Erica (D)
  2 skysharks (D)
  2 ugly things (D)
  2 shining eyes (D)
  An elephant (shapeshifter) (D)
  5 draconians (D)
  2 cane toads (D)
  A rime drake (D)
  A komodo dragon (D)
  2 yaktaurs (D)
  A polar bear (shapeshifter) (D)
  2 hornets (D)
  A tarantella (D)
  A flying skull (D)
  A dream sheep (D)
  2 jumping spiders (D)
  4 spriggans (D)
  A yak (D)
  An ushabti (D)
  2 neqoxecs (D)
  2 basilisks (D)
  Edmund (D)
  Duvessa (D)
  An orc warrior (D)
  2 wolves (D)
  3 centaurs (D)
  Blork the orc (D)
  A necrophage (D)
  A scorpion (D)
  A wight (D)
  Dowan (D)
  3 jellies (D)
  Crazy Yiuf (D)
  2 orc priests (D)
  Jessica (D)
  2 orc wizards (D)
  An adder (D)
  An orc (D)
  An endoplasm (D)
  2 ball pythons (D)
  A ball python skeleton (D)
69 creatures vanquished.

Notes
Turn   | Place    | Note
-------+----------+-------------------------------------------
     0 | D        | fozzywoppz the Formicid Fighter began the quest for the
                  | Orb.
     0 | D        | Reached XP level 1. HP: 18/18 MP: 1/1
     0 | D        | Found a shimmering blue altar of Sif Muna.
     0 | D        | Found a sacrificial altar of Ru.
     0 | D        | Found a bloodstained altar of Trog.
     0 | D        | Found a stormy altar of Qazlal.
     0 | D        | Found an iron altar of Okawaru.
     0 | D        | Found a sparkling altar of Nemelex Xobeh.
     0 | D        | Found a blossoming altar of Fedhas.
     0 | D        | Found the +6 Majin-Bo {spellvamp, MP+6 Int+6}
     0 | D        | Found the +27 heavy crossbow "Sniper" {heavy, Acc+∞ SInv}
     0 | D        | Found the +10 dark maul {heavy}
     0 | D        | Found the +15 Maxwell's patent armour {-Cast -Tele rElec
                  | Will+ rCorr}
     0 | D        | Found the +18 shield of the Gong {Loud rN+ Will+ rCorr
                  | EV-5}
     0 | D        | Found the +16 obsidian axe {drain, demonic, Mesm Drain Fly
                  | SInv}
     0 | D        | Found the +7 great mace "Firestarter" {flame, immolate,
                  | rFlCloud rF++}
     0 | D        | Found the +6 shillelagh "Devastator" {shatter}
     0 | D        | Found the +11 plutonium sword {Contam Stlth-}
     0 | D        | Found the +8 lance "Wyrmbane" {slay drac, rPois rF+ rC+
                  | AC+3}
     0 | D        | Found the +9 sword of Zonguldrok {reap}
     0 | D        | Found the +13 scythe of Curses {drain, curses, Drain}
     0 | D        | Found the +9 sword of Power {lifebolt}
     0 | D        | Found the +7 mace of Variability {chaos, chaos arc}
     0 | D        | Found the +11 Singing Sword {sonic wave}
     0 | D        | Found the +8 storm bow {elec, penet}
     2 | D        | Found a transporter.
     2 | D        | Found an ancient bone altar of Kikubaaqudgha.
     2 | D        | Found a viscous altar of Jiyva.
     2 | D        | Found a corrupted altar of Lugonu.
     2 | D        | Found a hazy altar of Hepliaklqana.
     2 | D        | Found a burning altar of Makhleb.
     2 | D        | Found an opulent altar of Gozag.
    17 | D        | Became a worshipper of Qazlal Stormbringer
    63 | D        | Reached skill level 5 in Axes
    63 | D        | Reached XP level 2. HP: 24/24 MP: 2/2
    84 | D        | Entered arena 2.
    84 | D        | Noticed a wight
    84 | D        | Noticed a necrophage
    84 | D        | Found a transporter.
    88 | D        | Killed a necrophage
    89 | D        | Reached skill level 5 in Shields
    89 | D        | Reached XP level 3. HP: 31/31 MP: 3/3
    89 | D        | Reached XP level 4. HP: 38/38 MP: 4/4
    90 | D        | Killed a wight
    91 | D        | Reached skill level 5 in Fighting
    91 | D        | Reached skill level 5 in Armour
    91 | D        | Reached XP level 5. HP: 44/44 MP: 5/5
   100 | D        | Entered arena 3.
   100 | D        | Found a transporter.
   103 | D        | Reached * piety under Qazlal
   116 | D        | Entered arena 4.
   116 | D        | Found a transporter.
   121 | D        | Reached ** piety under Qazlal
   122 | D        | Reached XP level 6. HP: 32/53 MP: 6/6
   131 | D        | Got the +12 battleaxe "Tormentor" {antimagic, rCorr}
   198 | D        | Entered arena 5.
   198 | D        | Noticed a jumping spider
   198 | D        | Noticed a tarantella
   198 | D        | Noticed a jumping spider
   198 | D        | Found a transporter.
   201 | D        | Reached *** piety under Qazlal
   203 | D        | Killed a tarantella
   204 | D        | Reached XP level 7. HP: 48/61 MP: 2/7
   205 | D        | Killed a jumping spider
   206 | D        | Reached skill level 10 in Shields
   209 | D        | Killed a jumping spider
   210 | D        | Reached XP level 8. HP: 59/71 MP: 2/8
   248 | D        | Entered arena 6.
   248 | D        | Noticed a yaktaur
   248 | D        | Noticed a yaktaur
   248 | D        | Found a transporter.
   251 | D        | Reached **** piety under Qazlal
   252 | D        | Reached skill level 1 in Invocations
   253 | D        | Reached skill level 1 in Dodging
   254 | D        | Killed a yaktaur
   255 | D        | Reached skill level 10 in Axes
   255 | D        | Reached skill level 10 in Armour
   255 | D        | Killed a yaktaur
   256 | D        | Reached skill level 10 in Fighting
   256 | D        | Reached XP level 9. HP: 70/78 MP: 2/12
   268 | D        | Upgraded the game from 0.31-a0-978-g1e143483b6 to
                  | 0.31-a0-981-geadf994542
   272 | D        | Entered arena 7.
   272 | D        | Noticed a spriggan rider
   272 | D        | Noticed a spriggan rider
   273 | D        | Found a transporter.
   275 | D        | Reached ***** piety under Qazlal
   276 | D        | Reached skill level 5 in Invocations
   278 | D        | Killed a hornet
   280 | D        | Killed a spriggan rider
   280 | D        | Killed a hornet
   281 | D        | Reached XP level 10. HP: 51/89 MP: 5/15
   394 | D        | Entered arena 8.
   395 | D        | Found a transporter.
   399 | D        | Reached ****** piety under Qazlal
   417 | D        | Entered arena 9.
   417 | D        | Noticed a draconian
   417 | D        | Noticed a red draconian
   417 | D        | Noticed a draconian
   417 | D        | Noticed a draconian
   417 | D        | Noticed a draconian
   417 | D        | Noticed a draconian
   417 | D        | Noticed a black draconian
   424 | D        | Found a transporter.
   428 | D        | Killed a draconian
   430 | D        | Killed a draconian
   434 | D        | Killed a black draconian
   434 | D        | Killed a draconian
   436 | D        | Killed a draconian
   437 | D        | Reached skill level 10 in Invocations
   437 | D        | Killed a draconian
   438 | D        | Reached XP level 11. HP: 62/98 MP: 1/18
   441 | D        | Killed a red draconian
   454 | D        | Got the Spellbook of Mutable Accomplices
   538 | D        | Entered arena 10.
   538 | D        | Noticed a shining eye
   538 | D        | Noticed a shining eye
   538 | D        | Noticed a red ugly thing
   538 | D        | Noticed a cyan ugly thing
   538 | D        | Noticed a steelbarb worm
   539 | D        | Found a transporter.
   543 | D        | a steelbarb worm changed into an elephant
   543 | D        | Noticed an elephant (shapeshifter)
   545 | D        | Killed an elephant
   546 | D        | Reached skill level 1 in Spellcasting
   546 | D        | Killed a red ugly thing
   546 | D        | Killed a shining eye
   549 | D        | Killed a shining eye
   550 | D        | Killed a cyan ugly thing
   571 | D        | Entered arena 11.
   571 | D        | Noticed Jessica
   571 | D        | Noticed Blork the orc
   571 | D        | Noticed Crazy Yiuf
   571 | D        | Noticed Dowan
   571 | D        | Noticed Duvessa
   571 | D        | Noticed Edmund
   571 | D        | Noticed Erica
   571 | D        | Noticed Erolcha
   571 | D        | Noticed Gastronok
   572 | D        | Found a transporter.
   576 | D        | Killed Jessica
   577 | D        | Killed Blork the orc
   577 | D        | Killed Edmund
   578 | D        | Killed Erolcha
   578 | D        | Killed Erica
   579 | D        | Killed Duvessa
   579 | D        | Killed Dowan
   579 | D        | Killed Crazy Yiuf
   587 | D        | Killed Gastronok
   588 | D        | Reached XP level 12. HP: 78/108 MP: 7/21
   606 | D        | Got Sif Muna's Compilation of Evolution
   665 | D        | Entered arena 12.
   665 | D        | Noticed a skyshark
   665 | D        | Noticed a skyshark
   666 | D        | Found the ring of the Octopus King {Fly HP+2 AC+2 EV+2
                  | SH+2}
   667 | D        | Found a transporter.
   671 | D        | Reached skill level 10 in Dodging
   671 | D        | Killed a skyshark
   672 | D        | Reached skill level 15 in Fighting
   672 | D        | Reached skill level 15 in Armour
   676 | D        | Killed a skyshark
   677 | D        | Reached skill level 15 in Axes
   685 | D        | Got the ring of Vahinya {rN+ Int+6 Dex+3}
   691 | D        | Got the ring of Loawnuugg {Drain rCorr Dex+5}
   695 | D        | Got a ring of the Octopus King {Fly HP+2 AC+2 EV+2 SH+2}
   782 | D        | Entered arena 13.
   783 | D        | Noticed a royal mummy
   783 | D        | Noticed a mummy priest
   784 | D        | Found a transporter.
   787 | D        | Noticed a death scarab
   787 | D        | Noticed a death scarab
   787 | D        | Noticed a death scarab
   788 | D        | Noticed an emperor scorpion
   788 | D        | Noticed an emperor scorpion
   790 | D        | Noticed an emperor scorpion
   790 | D        | Noticed an emperor scorpion
   791 | D        | Noticed a death scarab
   791 | D        | Noticed a death scarab
   792 | D        | Noticed a death scarab
   800 | D        | Slain by a death scarab

Illustrated notes

Levels and vault maps discovered:
D:        sprint_v [room_start, room_1, room_2, room_3, room_4, room_5, room_6,
          room_7, room_8, room_9, room_10, room_11, room_12, room_13, room_14,
          room_15, room_16, room_17, room_18, room_19, room_20, room_21,
          room_22, room_23, room_24, room_25, room_26, room_27]

Skill      XL: |  1  2  3  4  5  6  7  8  9 10 11 12 |
---------------+-------------------------------------+-----
Axes           | 5 6 7 8 9 10 11 12 14 15 | 15.4
Stealth        | 6 |  6.7
Fighting       | 4 5 6 7 9 10 11 13 14 15 | 15.0
Armour         | 4 5 6 7 9 10 11 13 14 15 | 15.0
Shields        | 5 6 7 9 10 | 10.0
Invocations    | 4 7 10 12 14 | 14.3
Dodging        | 3 6 7 9 10 | 10.0
Spellcasting   | 4 |  4.0

Action                     |  1- 3 |  4- 6 |  7- 9 | 10-12 || total
---------------------------+-------+-------+-------+-------++-------
  Melee: Broad axe         |     3 |    10 |       |       ||    13
         Battleaxe         |       |     4 |    18 |    61 ||    83
 Invoke: Elemental Force   |       |       |       |     1 ||     1
         Upheaval          |       |       |       |     2 ||     2
    Use: Potion            |     1 |     1 |       |     9 ||    11
         Scroll            |       |       |       |     3 ||     3
   Stab: Invisible         |       |       |       |    17 ||    17
 Armour: Gold dragon scale |     3 |    20 |    30 |    72 ||   125
  Dodge: Dodged            |     1 |     2 |     6 |    23 ||    32
  Block: Kite shield       |     3 |    15 |    43 |   125 ||   186

Table legend: (Time is in decaauts)
 A = Elapsed time spent in this place.
 B = Non-inter-level travel time spent in this place.
 C = Inter-level travel time spent in this place.
 D = Time resting spent in this place.
 E = Time spent auto-exploring this place.
 F = Levels seen in this place.
 G = Mean time per level.
                   A        B        C        D        E       F      G
               +--------+--------+--------+--------+--------+-----+--------+
         Total |    813 |    813 |      0 |    382 |      0 |   1 |  813.0 |
       Dungeon |    813 |    813 |      0 |    382 |      0 |   1 |  813.0 |
               +--------+--------+--------+--------+--------+-----+--------+

Top non-repeatable levels by time:
       D: 813 daAuts
